 Dungeon Crawl Stone Soup version 0.28.0-45-g0d030f2227 (webtiles) character file.

Game seed: 15396393527515343765

130 Icepheonix32 the Covered (level 4, -1/35 HPs)
             Began as a Demonspawn Fighter on Apr 7, 2022.
             Killed by nerve-wracking pain
             ... invoked by Grinder
              (9 damage)
             ... on level 3 of the Dungeon.
             The game lasted 00:03:29 (1957 turns).

Icepheonix32 the Covered (Demonspawn Fighter)       Turns: 1957, Time: 00:03:30

Health: -1/35      AC: 10    Str: 19    XL:     4   Next: 89%
Magic:  4/4        EV:  9    Int:  9    God:
Gold:   80         SH:  4    Dex: 12    Spells: 2/3 levels left

rFire   . . .      SeeInvis .   a - +0 long sword
rCold   . . .      Faith    .   c - +0 buckler
rNeg    . . .      Spirit   .   b - +0 scale mail
rPois   .          Reflect  .   (helmet restricted)
rElec   .          Harm     .   (no cloak)
rCorr   .          Rampage  .   (no gloves)
Will    .....                   g - +2 pair of boots
Stlth   ..........              (no amulet)
HPRegen 0.11/turn               (no ring)
MPRegen 0.09/turn               (no ring)

@: no status effects
A: antennae 1, demonic guardian 1, powered by pain 1
a: no special abilities


You were on level 3 of the Dungeon.
You visited 1 branch of the dungeon, and saw 3 of its levels.

You collected 80 gold pieces.

Inventory:

Hand Weapons
 a - a +0 long sword (weapon)
 x - a +3 short sword of speed
Missiles
 f - 7 poisoned darts
 m - 6 boomerangs (quivered)
 t - 3 javelins
Armour
 b - a +0 scale mail (worn)
 c - a +0 buckler (worn)
 g - a +2 pair of boots (worn)
 v - a +1 leather armour of willpower
Wands
 s - a wand of iceblast (6)
 w - a wand of polymorph (2)
Scrolls
 j - a scroll of enchant weapon {unknown}
 k - a scroll of identify {unknown}
 l - a scroll of silence {unknown}
 n - a scroll of magic mapping {unknown}
 q - a scroll of fog {unknown}
 u - a scroll of immolation {unknown}
Potions
 d - a potion of might
 e - a potion of invisibility {unknown}
 h - 2 potions of flight {unknown}
 i - a potion of resistance {unknown}
 o - a potion of heal wounds {unknown}
 p - a potion of haste {unknown}
 r - a potion of degeneration {unknown}


   Skills:
 + Level 3.3 Fighting
 * Level 2.7 Long Blades
 + Level 3.5 Armour
 + Level 0.7 Dodging
 + Level 0.2 Stealth
 + Level 3.0 Shields
 * Level 1.3 Air Magic


You had 2 spell levels left.
You knew the following spells:

 Your Spells              Type           Power      Damage    Failure   Level
a - Shock                 Conj/Air       4%         1d3       77%         1

Your spell library contained the following spells:

 Spells                   Type           Power      Damage    Failure   Level
 Static Discharge         Conj/Air       1%         N/A       88%         2
 Swiftness                Air            2%         N/A       95%         3
 Freezing Cloud           Conj/Ice/Air   0%         6-21      100%        5
 Conjure Ball Lightning   Conj/Air       0%         3x3d6     100%        6
 Simulacrum               Ice/Necr       0%         N/A       100%        6
 Polar Vortex             Ice            0%         N/A       100%        9


Dungeon Overview and Level Annotations

Branches:
Dungeon (3/15)

Altars:
Nemelex Xobeh

Annotations:
D:3 Grinder


Innate Abilities, Weirdness & Mutations

You have a pair of small antennae on your head.
A weak demonic guardian rushes to your aid.
You sometimes gain a little power by taking damage.


Message History

Grinder blinks!
You can move again.
Unknown command.
Throw: 6 boomerangs
Press: ? - help, Q - select action, (/) - cycle Shift-Dir - straight line, f/p - Grinder
Aim: Grinder (moderately wounded, 53% to hit)
You throw a boomerang. The boomerang closely misses Grinder.
Unknown command.
You completely miss Grinder.
Grinder is moderately wounded.
Grinder gestures at you. You resist with significant effort.
You hit Grinder but do no damage.
Grinder is moderately wounded.
Grinder says, "Mostly I couldn't keep them alive."
Grinder gestures at you.
You barely resist. Grinder hits you!
A demonic guardian appears!
You writhe in agony.
You closely miss Grinder.
Grinder is moderately wounded.
Grinder barely misses you.
You barely miss Grinder.
Grinder is moderately wounded.
Grinder blinks!
Your shadow imp closely misses Grinder.
Your shadow imp completely misses Grinder.
Throw: 6 boomerangs
Press: ? - help, Q - select action, (/) - cycle Shift-Dir - straight line, f/p - Grinder
Aim: Grinder (moderately wounded, ally target, 53% to hit)
You throw a boomerang. The boomerang hits Grinder.
Grinder is moderately wounded.
Your shadow imp barely misses Grinder.
Grinder hits you.
You writhe in agony.
* * * LOW HITPOINT WARNING * * *
Your shadow imp barely misses Grinder.
You barely miss Grinder.
Grinder is moderately wounded.
Your shadow imp hits Grinder.
Grinder gestures at you. Pain shoots through your body!
You die...

#.#........
########.#.##.#.##
#........#>....†..
#[########..#.#.## #.#
#..#.#... #.# #..#.##..
#.# #..#.##.# ######.#
#..#.##.#
#....5@########..#.##.#
#...5......>..#..#.# .#
#..###..#####.#..# #.
#..# # #..# #..# #..#
#..# #.(.


You could see Grinder (ally target) and a friendly shadow imp (summoned).

Vanquished Creatures
  An orc priest (D:3)
  An adder (D:2)
  A dart slug (D:2)
  An orc (D:3)
  4 ball pythons
  4 endoplasms
  15 giant cockroaches
  5 goblins
  4 hobgoblins
  2 jackals (D:1)
  2 quokkas
  2 bats
  2 frilled lizards (D:1)
  3 kobolds
  3 rats
50 creatures vanquished.

Vanquished Creatures (collateral kills)
  Terence (D:3)
  An orc (D:3)
  3 giant cockroaches (D:2)
5 creatures vanquished.

Grand Total: 55 creatures vanquished

Notes
Turn   | Place    | Note
-------+----------+-------------------------------------------
     0 | D:1      | Icepheonix32 the Demonspawn Fighter began the quest for the
                  | Orb.
     0 | D:1      | Reached XP level 1. HP: 18/18 MP: 1/1
   267 | D:1      | Gained mutation: A weak demonic guardian rushes to your
                  | aid. [demonic ancestry]
   267 | D:1      | Reached XP level 2. HP: 19/24 MP: 2/2
   623 | D:2      | Gained mutation: You sometimes gain a little power by
                  | taking damage. [demonic ancestry]
   623 | D:2      | Reached XP level 3. HP: 27/29 MP: 3/3
   715 | D:2      | Found a sparkling altar of Nemelex Xobeh.
  1527 | D:2      | Got the Volume of the Birds
  1533 | D:2      | Learned a level 1 spell: Shock
  1545 | D:3      | Discovered your monstrous ancestry.
  1545 | D:3      | Gained mutation: You have a pair of small antennae on your
                  | head. [demonic ancestry]
  1545 | D:3      | Reached XP level 4. HP: 35/35 MP: 4/4
  1685 | D:3      | Noticed Terence
  1698 | D:3      | Killed Terence
  1720 | D:3      | Reached skill level 1 in Air Magic
  1939 | D:3      | Noticed Grinder
  1947 | D:3      | Paralysed by Grinder for 2 turns
  1957 | D:3      | Killed from afar by Grinder

Illustrated notes

Levels and vault maps discovered:
D:1:      dpeg_arrival_rhombus, layout_basic
D:2:      minmay_roachtagon, layout_rooms, basic_altar
D:3:      layout_loops_ring, corner_web_ring, uniq_grinder, uniq_terence

Skill      XL: |  1  2  3  4 |
---------------+-------------+-----
Long Blades    | 2 |  2.7
Armour         | 3 |  3.5
Shields        | 3 |  3.0
Air Magic      | 1 |  1.3
Fighting       | |  3.3
Dodging        | |  0.7
Stealth        | |  0.2

Action                   |  1- 3 |  4- 6 || total
-------------------------+-------+-------++-------
Melee: Long sword        |   142 |    18 ||   160
Throw: Dart              |       |     6 ||     6
       Boomerang         |       |     6 ||     6
Evoke: Wand              |       |     1 ||     1
Armor: Scale mail        |   100 |     3 ||   103
Dodge: Dodged            |    89 |     5 ||    94
Block: Buckler           |    39 |     2 ||    41
